 Dungeon Crawl Stone Soup version 0.22-a0-368-g870eee8 (webtiles) character file.

118446 aspa the Sorcerer (level 16, -2/94 HPs)
             Began as an Octopode Wizard on Apr 20, 2018.
             Was the Champion of Vehumet.
             Killed from afar by a thorn hunter (30 damage)
             ... with a volley of thorns
             ... on level 4 of the Swamp on Apr 23, 2018.
             The game lasted 03:44:35 (36581 turns).

aspa the Sorcerer (Octopode Wizard)                Turns: 36581, Time: 03:44:36

Health: -2/94      AC:  5    Str:  6    XL:     16   Next: 76%
Magic:  9/43       EV: 17    Int: 35    God:    Vehumet [******]
Gold:   1008       SH:  6    Dex: 21    Spells: 2/61 levels left

rFire    + . .     SeeInvis +   a - +3 scimitar "Tionweewk" {elec, *Rage rElec Int+7}
rCold    + + .     Gourm    +   T - +0 buckler
rNeg     . . .     Faith    .   h - +1 hat
rPois    +         Spirit   .   u - amulet of the gourmand
rElec    +         Reflect  .   t - +1 ring of protection
rCorr    .         Harm     .   H - ring of protection from cold
MR       +++..     Rnd*Rage +   P - ring of protection from fire
Stlth    ++++++....             p - ring of protection from cold
HPRegen  0.25/turn              J - ring of wizardry
MPRegen  0.28/turn              Y - ring of stealth
                                f - ring "Fyof Imm" {*Contam MR++ EV+3 Dex+9 SInv}
                                o - +2 ring of intelligence

@: no status effects
A: almost no armour, stealthy swim, amphibious, 8 rings, constrict 8, molten
scales 1, camouflage 1, poison resistance, robust 1, wild magic 1, gelatinous
body 1
a: Renounce Religion


You were on level 4 of the Swamp.
You worshipped Vehumet.
Vehumet was exalted by your worship.
You were not hungry.

You visited 5 branches of the dungeon, and saw 27 of its levels.
You also visited: Sewer, Bailey and Volcano.

You collected 3242 gold pieces.
You spent 2234 gold pieces at shops.

Inventory:

Hand Weapons
 a - the +3 scimitar "Tionweewk" (weapon) {elec, *Rage rElec Int+7}
   (You found it on level 2 of the Swamp)

   Occasionally, upon striking a foe, it will discharge some electrical energy
   and cause terrible harm.
   It affects your intelligence (+7).
   It insulates you from electricity.
   It may make you go berserk in combat.
 b - a +2 demon trident of flaming
 r - a +2 whip of electrocution
Armour
 h - a +1 hat (worn)
 T - a +0 buckler (worn)
Magical Staves
 W - an uncursed staff of earth
Jewellery
 f - the ring "Fyof Imm" (on tentacle) {*Contam MR++ EV+3 Dex+9 SInv}
   (You acquired it on level 13 of the Dungeon)

   [ring of evasion]

   It affects your evasion (+3).
   It affects your dexterity (+9).
   It affects your resistance to hostile enchantments.
   It lets you see invisible.
   It causes magical contamination when unequipped.
 o - a +2 ring of intelligence (on tentacle)
 p - a ring of protection from cold (on tentacle)
 t - a +1 ring of protection (left tentacle)
 u - an amulet of the gourmand (around mantle)
 y - an uncursed ring of flight
 H - a ring of protection from cold (right tentacle)
 J - a ring of wizardry (on tentacle)
 K - an uncursed amulet of magic regeneration
 P - a ring of protection from fire (on tentacle)
 Y - a ring of stealth (on tentacle)
Wands
 g - a wand of iceblast (26)
 i - a wand of polymorph (13)
 q - a wand of random effects (63)
 w - a wand of paralysis (11)
 x - a wand of clouds (6)
 A - a wand of disintegration (3)
 C - a wand of scattershot (2)
 L - a wand of acid (37)
Scrolls
 d - a scroll of holy word
 e - 3 scrolls of fog
 n - a scroll of enchant armour
 s - 21 scrolls of identify
 z - 6 scrolls of teleportation
 E - a scroll of silence
 F - 6 scrolls of remove curse
 I - a scroll of magic mapping
 N - a scroll of blinking
 Q - a scroll of torment
 U - a scroll of summoning
 X - 2 scrolls of fear
Potions
 j - 2 potions of haste
 k - 3 potions of heal wounds
 l - 9 potions of curing
 m - 4 potions of might
 v - a potion of ambrosia
 B - 4 potions of flight
 D - 6 potions of agility
 G - 5 potions of lignification
 M - 3 potions of resistance
 O - a potion of cancellation
 S - a potion of brilliance
Miscellaneous
 R - a crystal ball of energy
 Z - a lamp of fire
Comestibles
 c - 49 rations


   Skills:
 - Level 2.0 Dodging
 - Level 5.0 Stealth
 - Level 4.1 Shields
 + Level 23.3 Spellcasting
 - Level 5.0 Conjurations
 - Level 5.0 Summonings
 - Level 1.0 Translocations


You had 2 spell levels left.
You knew the following spells:

 Your Spells              Type           Power        Failure   Level  Hunger
a - Magic Dart            Conj           ####         1%          1    None
b - Call Imp              Summ           #######.     1%          2    None
c - Mephitic Cloud        Conj/Pois/Air  ######..     1%          3    None
d - Blink                 Tloc           N/A          1%          2    None
e - Summon Guardian Gole  Hex/Summ       ######..     1%          3    None
f - Conjure Flame         Conj/Fire      ######..     1%          3    None
g - Summon Lightning Spi  Summ/Air       ######..     1%          4    None
h - Summon Ice Beast      Ice/Summ       ######..     1%          4    None
i - Iskenderun's Battles  Conj/Chrm      ######..     1%          5    None
j - Olgreb's Toxic Radia  Pois           ######..     1%          4    None
k - Ignite Poison         Fire/Tmut/Pois ######..     1%          3    None
l - Bolt of Magma         Conj/Fire/Erth ######....   1%          5    None
m - Throw Icicle          Conj/Ice       ######..     1%          4    None
n - Summon Butterflies    Summ           #######.     1%          1    None
o - Bolt of Draining      Conj/Necr      ######....   1%          5    None
p - Shroud of Golubria    Chrm/Tloc      ######....   1%          2    None
q - Ozocubu's Armour      Chrm/Ice       ######..     1%          3    None
r - Animate Skeleton      Necr           N/A          1%          1    None
s - Airstrike             Air            ######....   1%          4    None


Dungeon Overview and Level Annotations

Branches:
Dungeon (14/15)            Temple (1/1) D:5            Lair (6/6) D:8
  Swamp (4/4) Lair:3       Spider (0/4) Lair:3        Slime (0/5) Lair:6
    Orc (2/2) D:9             Elf (0/3) Orc:2        Vaults (0/5) D:13

Altars:
Ashenzari
Cheibriados
Dithmenos
Elyvilon
Fedhas
Gozag
Hepliaklqana
Kikubaaqudgha
Makhleb
Nemelex Xobeh
Okawaru
Qazlal
Ru
Sif Muna
Trog
Uskayaw
Vehumet
Wu Jian
Xom
Yredelemnul
Zin
The Shining One
Beogh

Shops:
D:8 :   D:11 ?   Orc:2 ?:::


Innate Abilities, Weirdness & Mutations

You cannot wear most types of armour.
You are very stealthy in the water. (Stealth+)
You are amphibious.
You can wear up to eight rings at the same time.
You can use your tentacles to constrict eight enemies at once.
Your skin changes colour to match your surroundings (Stealth+).
Your rubbery body absorbs attacks. (AC +1, EV +1)
You are partially covered in molten scales. (AC +2)
Your system is resistant to poisons. (rPois)
You are robust. (+10% HP)
Your spells are a little harder to cast, but a little more powerful.


Message History

Casting: Bolt of Magma (safe; 1% risk of failure)
Confirm with . or Enter, or press ? or * to list all spells.
You can't see any susceptible monsters within range! (Use Z to cast anyway.)
Casting: Bolt of Magma (safe; 1% risk of failure)
Confirm with . or Enter, or press ? or * to list all spells.
Aiming: Bolt of Magma (safe; 1% risk of failure)
Press: ? - help, Shift-Dir - straight line, f/p - thorn hunter
Aim: a thorn hunter The bolt of magma hits the briar patch.
The briar patch is burned terribly!
You destroy the briar patch!
The briar patch crumbles away.
The thorn hunter fires a volley of thorns at you.
The volley of thorns hits you!
* * * LOW HITPOINT WARNING * * *
You feel much better.
The briar patch crumbles away.
The thorn hunter gestures.
Your swamp drake skeleton is engulfed in a cloud of scalding steam.
The thorn hunter fires a volley of thorns at you.
The volley of thorns hits you!
You die...

## ♣...≈≈.♣♣♣♣♣♣ ♣♣♣..≈≈≈≈≈.
≈## ♣♣.≈≈≈.≈≈..≈♣ ♣♣≈.§≈≈.♣♣
.†##
♣♣§...≈≈..≈≈♣♣♣♣Z≈≈...≈♣≈
#≈.##
♣≈≈≈..≈≈≈≈..♣.♣♣≈≈.%♣♣♣♣♣
##≈.## ♣≈...≈≈≈≈≈≈≈<.≈≈≈≈.≈♣
♣
##[≈###♣P≈.PP≈≈≈≈.♣♣♣.....♣♣
♣♣ #♣..[≈PP≈.PP≈≈≈≈.♣
♣.†≈≈♣♣ ♣♣♣.
#≈♣Z..≈.Df≈P§≈≈§≈♣
♣)≈≈.♣♣♣♣≈≈≈
#§..≈≈D.PP.Z≈.@≈§♣
♣♣.....≈..≈≈
##.≈###♣♣PPPP§.≈≈.♣
♣♣♣♣≈.≈≈.... ##≈≈##
♣♣.♣...≈≈♣♣ ♣...≈♣..≈♣♣♣
#≈≈## ♣≈.≈.†≈♣♣♣
♣.≈≈♣≈≈≈≈♣♣♣ ..## ♣♣.♣..♣♣♣
♣♣.§♣.≈≈≈.≈≈ .## ♣♣♣≈≈..♣
♣.♣♣≈≈≈..≈≈ ## ♣♣≈.≈♣
♣♣..♣♣♣≈.§≈≈ ♣♣♣♣♣
♣.≈≈♣≈≈≈≈.≈≈ ≈≈..D≈
♣♣≈≈.♣§≈≈≈.≈≈


You could see a thorn hunter, a swamp dragon and a friendly swamp drake
skeleton.

Vanquished Creatures
  A thorn hunter (Swamp:2)
  Nessos (Lair:4)
  Erolcha (D:10)
  2 vault guards (D:13)
  15 hydras
  A ghost crab (Swamp:3)
  2 death yaks (Lair:6)
  A centaur warrior (D:13)
  6 two-headed ogres
  7 alligators
  Urug (Lair:5)
  3 orc high priests (Orc:2)
  3 unseen horrors
  5 spriggan druids
  7 swamp dragons
  10 orc knights
  A wizard (D:13)
  An obsidian statue (D:11)
  An orb spider (Lair:3)
  4 shambling mangroves
  3 salamanders (Volcano)
  2 ugly things (D:13)
  2 deep elf magi
  6 orc sorcerers
  5 elephants
  A cyclops (D:12)
  2 black mambas (Lair:3)
  2 manticores
  Psyche (D:10)
  An ice statue (D:10)
  4 rime drakes
  A gargoyle (D:13)
  27 spiny frogs
  An efreet (D:13)
  8 komodo dragons
  7 ice devils (D:10)
  A tengu conjurer (D:13)
  A polar bear (Lair:6)
  6 trolls
  9 bog bodies
  15 tyrant leeches
  10 hornets
  29 blink frogs
  25 slime creatures
  6 hippogriffs
  A snapping turtle (shapeshifter) (D:13)
  6 spriggans
  10 yaks
  Sigmund (D:4)
  A basilisk (Lair:3)
  3 shadows
  A fire elemental (Volcano)
  The ghost of Kikal the Conjurer, an amateur FeCj of Vehumet (D:5)
  2 hungry ghosts
  5 wyverns
  2 fire bats (Volcano)
  A steam dragon (D:12)
  Grum (Lair:1)
  A warg (Orc:2)
  2 acid dragons
  22 vampire mosquitoes
  12 insubstantial wisps
  17 swamp worms
  A hell hound (Volcano)
  13 porcupines
  9 water moccasins
  48 orc warriors
  7 swamp drakes
  2 black bears
  2 sky beasts
  A phantom (D:11)
  2 ice beasts
  3 necrophages
  8 wolves
  13 ogres
  8 centaurs
  13 crocodiles
  3 big kobolds
  24 bullfrogs
  A wyvern skeleton (D:12)
  2 scorpions (D:7)
  8 killer bees
  7 wights
  3 electric eels
  A jelly (D:8)
  3 howler monkeys (D:10)
  9 crimson imps
  A quasit (D:9)
  24 orc wizards
  A bullfrog skeleton (D:10)
  20 orc priests
  2 centaur skeletons
  8 worker ants
  2 iguanas
  A hound zombie (D:5)
  A hound skeleton (D:4)
  A howler monkey zombie (D:7)
  A worker ant zombie (D:9)
  A gnoll (D:6)
  18 adders
  A howler monkey skeleton (D:7)
  3 river rats (Sewer)
  2 shadow imps
  5 ufetubi (D:10)
  4 oozes
  An adder zombie (D:9)
  6 worms
  2 dart slugs
  7 leopard geckos
  91 orcs
  4 ball pythons
  10 giant cockroaches
  13 goblins
  5 hobgoblins
  5 jackals
  23 kobolds
  4 quokkas
  5 bats
  7 frilled lizards
  A jackal zombie (D:4)
  A leopard gecko skeleton (D:4)
  32 rats
  3 briar patches (Swamp:4)
  2 fungi
  A plant (Lair:6)
847 creatures vanquished.

Vanquished Creatures (collateral kills)
  Aizul (Swamp:4)
  A hydra (Lair:5)
  2 vault guards (D:13)
  A death yak (Lair:6)
  A two-headed ogre (D:8)
  A deep elf knight (D:13)
  A spriggan druid (Swamp:4)
  An orc knight (D:13)
  An ugly thing (D:7)
  A gargoyle (D:13)
  A spiny frog (Lair:6)
  2 komodo dragons
  A troll (Orc:1)
  2 bog bodies (Swamp:4)
  4 slime creatures (Swamp:4)
  A hungry ghost (D:10)
  A swamp drake (Swamp:4)
  The ghost of zero the Covert, an amateur SpEn (D:4)
  4 orc warriors
  An ogre (Orc:1)
  A centaur (D:6)
  A bullfrog (D:7)
  A scorpion (D:6)
  2 killer bees (D:9)
  2 howler monkeys
  A crimson imp (D:6)
  3 orc priests
  An orc wizard (D:9)
  A statue (D:7)
  An adder (D:7)
  2 gnolls (D:6)
  A leopard gecko (D:6)
  14 orcs
  3 hobgoblins (D:1)
  A kobold (D:1)
64 creatures vanquished.

Vanquished Creatures (others)
  A two-headed ogre (Volcano)
  A sky beast (D:6)
  A worker ant (D:6)
  3 briar patches (Swamp:4)
  22 fungi
  52 plants
80 creatures vanquished.

Grand Total: 991 creatures vanquished

Notes
Turn   | Place    | Note
-------+----------+-------------------------------------------
     0 | D:1      | aspa the Octopode Wizard began the quest for the Orb.
     0 | D:1      | Reached XP level 1. HP: 11/11 MP: 4/4
   288 | D:1      | Reached XP level 2. HP: 14/17 MP: 0/6
   292 | D:1      | Learned a level 2 spell: Call Imp
   838 | D:1      | Reached XP level 3. HP: 21/21 MP: 0/8
   851 | D:1      | Learned a level 3 spell: Mephitic Cloud
   854 | D:1      | Learned a level 2 spell: Blink
  1311 | D:2      | Found a glowing golden altar of the Shining One.
  1320 | D:2      | Reached skill level 4 in Spellcasting
  1387 | D:2      | Reached XP level 4. HP: 27/27 MP: 7/10
  1391 | D:2      | Learned a level 2 spell: Slow
  1598 | D:2      | Found a blossoming altar of Fedhas.
  2232 | D:3      | Reached XP level 5. HP: 31/31 MP: 8/11
  2263 | D:3      | Learned a level 3 spell: Conjure Flame
  3138 | D:4      | Noticed zero's ghost (amateur SpEn)
  3186 | D:3      | Reached skill level 5 in Spellcasting
  3725 | D:4      | Noticed Sigmund
  3818 | D:4      | Found a bloodstained altar of Trog.
  3957 | D:4      | Found an opulent altar of Gozag.
  4281 | D:4      | Reached XP level 6. HP: 31/36 MP: 14/14
  4295 | D:4      | Killed Sigmund
  4295 | D:4      | Reached skill level 6 in Spellcasting
  4324 | D:5      | Entered Level 5 of the Dungeon
  4324 | D:5      | Found a shimmering altar of Xom.
  4548 | D:5      | Learned a level 3 spell: Summon Guardian Golem
  4578 | D:5      | Reached XP level 7. HP: 41/41 MP: 2/17
  4820 | D:6      | Found a glowing drain.
  4833 | Sewer    | Entered a sewer
  5304 | Sewer    | Reached skill level 7 in Spellcasting
  6018 | D:6      | Found a shimmering altar of Xom.
  6050 | D:5      | Noticed Kikal's ghost (amateur FeCj)
  6219 | D:7      | Reached skill level 8 in Spellcasting
  6512 | D:7      | Found a radiant altar of Vehumet.
  6524 | D:7      | Reached XP level 8. HP: 36/46 MP: 2/20
  6548 | D:7      | Became a worshipper of Vehumet
  7075 | D:7      | Noticed a hippogriff
  7088 | D:7      | Noticed a brown ugly thing
  7118 | D:7      | Killed a green ugly thing
  7118 | D:7      | Reached skill level 9 in Spellcasting
  7305 | D:7      | Got a pitted amber ring
  7306 | D:7      | Identified the ring "Decriwno" {rF+ MR+ MP-9 Str+2} (You found it on level 7 of the Dungeon)
  7362 | D:7      | Reached skill level 10 in Spellcasting
  7426 | D:7      | Noticed a deep elf mage
  7436 | D:7      | Noticed a sixfirhy
  7438 | D:7      | Killed a deep elf mage
  7438 | D:7      | Reached XP level 9. HP: 51/51 MP: 13/23
  7471 | D:7      | Learned a level 4 spell: Summon Lightning Spire
  7820 | D:7      | Reached * piety under Vehumet
  7820 | D:7      | Offered knowledge of Shock by Vehumet.
  7844 | D:7      | Reached skill level 11 in Spellcasting
  8754 | D:6      | Learned a level 4 spell: Summon Ice Beast
  8856 | D:5      | Found a staircase to the Ecumenical Temple.
  8866 | Temple   | Entered the Ecumenical Temple
  9951 | D:4      | Found a sacrificial altar of Ru.
 10047 | D:4      | Killed zero's ghost
 10165 | D:4      | Found a deep blue altar of Sif Muna.
 11040 | D:7      | You fall through a shaft for 3 floors!
 11040 | D:10     | Entered Level 10 of the Dungeon
 11164 | D:10     | Found a flagged portal.
 11167 | D:10     | Reached ** piety under Vehumet
 11205 | Bailey   | Entered a bailey
 11205 | Bailey   | Noticed an orc knight
 11209 | Bailey   | Offered knowledge of Throw Frost by Vehumet.
 11210 | Bailey   | Reached XP level 10. HP: 36/56 MP: 20/25
 11211 | Bailey   | Reached skill level 12 in Spellcasting
 11211 | Bailey   | Killed an orc knight
 11243 | Bailey   | Noticed an orc knight
 11256 | Bailey   | Killed an orc knight
 11256 | Bailey   | Reached skill level 13 in Spellcasting
 11953 | D:8      | Offered knowledge of Inner Flame by Vehumet.
 12088 | D:8      | Reached skill level 1 in Shields
 12154 | D:8      | Found a staircase to the Lair.
 12732 | D:8      | Found a snail-covered altar of Cheibriados.
 12749 | D:8      | Reached *** piety under Vehumet
 13049 | D:8      | Found Ugasucre's Book Emporium.
 13052 | D:8      | Bought a book of Power for 540 gold pieces
 13058 | D:8      | Learned a level 5 spell: Iskenderun's Battlesphere
 13061 | D:8      | Noticed a two-headed ogre
 13070 | D:8      | Killed a two-headed ogre
 13070 | D:8      | Reached XP level 11. HP: 56/61 MP: 14/28
 13072 | D:8      | Reached skill level 14 in Spellcasting
 13203 | D:8      | Found a burning altar of Makhleb.
 13340 | D:9      | Offered knowledge of Olgreb's Toxic Radiance by Vehumet.
 13780 | D:9      | Learned a level 4 spell: Olgreb's Toxic Radiance
 13951 | D:9      | Found a hazy altar of Hepliaklqana.
 14121 | D:9      | Found a roughly hewn altar of Beogh.
 14149 | D:9      | Reached **** piety under Vehumet
 14193 | D:9      | Offered knowledge of Sticky Flame by Vehumet.
 14278 | D:9      | Found a staircase to the Orcish Mines.
 14354 | Orc:1    | Entered Level 1 of the Orcish Mines
 14354 | Orc:1    | Noticed an orc sorcerer
 14365 | Orc:1    | Killed an orc sorcerer
 14469 | Orc:1    | Found a burning altar of Makhleb.
 14707 | D:8      | Bought the Tome of Earthen Venom for 854 gold pieces
 14711 | D:8      | Learned a level 3 spell: Ignite Poison
 14922 | D:10     | Noticed a two-headed ogre
 14927 | D:10     | Killed a two-headed ogre
 15024 | D:10     | Noticed Erolcha
 15054 | D:10     | Killed Erolcha
 15054 | D:10     | Reached skill level 15 in Spellcasting
 15463 | D:10     | Learned a level 5 spell: Bolt of Magma
 15600 | D:10     | Noticed Psyche
 15625 | D:10     | Killed Psyche
 16146 | D:10     | Reached XP level 12. HP: 66/66 MP: 3/31
 17110 | D:11     | Noticed a two-headed ogre
 17115 | D:11     | Killed a two-headed ogre
 17115 | D:11     | Reached skill level 16 in Spellcasting
 17210 | D:11     | Reached ***** piety under Vehumet
 17374 | D:11     | Noticed a two-headed ogre
 17380 | D:11     | Killed a two-headed ogre
 17549 | D:11     | Found Jukhlurea's Magic Scroll Shoppe.
 17756 | D:11     | Offered knowledge of Bolt of Fire by Vehumet.
 17900 | D:11     | Got a fine shortbow
 17907 | D:11     | Identified the +4 shortbow of Hyothadonk {freeze, rPois} (You took it off an orc priest on level 11 of the Dungeon)
 18212 | D:11     | Noticed a sun demon
 18474 | D:12     | Noticed a two-headed ogre
 18523 | D:12     | Killed a two-headed ogre
 18540 | D:12     | Reached skill level 17 in Spellcasting
 19031 | D:12     | Upgraded the game from 0.22-a0-362-g535178c to 0.22-a0-367-gb72a975
 19189 | D:13     | Noticed a deep elf knight
 19210 | D:13     | Killed a deep elf knight
 19210 | D:13     | Reached XP level 13. HP: 71/71 MP: 2/34
 19352 | D:13     | Noticed a vault guard
 19364 | D:13     | Killed a vault guard
 19581 | D:13     | Reached skill level 18 in Spellcasting
 19623 | D:13     | Reached skill level 5 in Stealth
 20273 | D:13     | Noticed a vault guard
 20296 | D:13     | Killed a vault guard
 20307 | D:13     | Noticed a vault guard
 20314 | D:13     | Killed a vault guard
 20319 | D:13     | Noticed a vault guard
 20357 | D:13     | Killed a vault guard
 20430 | D:13     | Found a gate to the Vaults.
 20663 | D:13     | Identified a scroll of acquirement
 20664 | D:13     | Got a twitching pewter ring
 20666 | D:13     | Identified the ring "Fyof Imm" {*Contam MR++ EV+3 Dex+9 SInv} (You acquired it on level 13 of the Dungeon)
 20682 | D:13     | Gained mutation: You are clumsy. (Dex -2) [potion of mutation]
 20682 | D:13     | Gained mutation: You are robust. (+10% HP) [potion of mutation]
 20685 | D:13     | Lost mutation: You are clumsy. (Dex -2) [potion of mutation]
 20685 | D:13     | Gained mutation: You have an increased reservoir of magic. (+10% MP) [potion of mutation]
 20685 | D:13     | Gained mutation: Your system is resistant to poisons. (rPois) [potion of mutation]
 20685 | D:13     | Gained mutation: You have a pair of small antennae on your head. [potion of mutation]
 20685 | D:13     | Gained mutation: Your muscles are strong. (Str +2) [potion of mutation]
 20821 | D:13     | Lost mutation: Your muscles are strong. (Str +2) [potion of mutation]
 20821 | D:13     | Lost mutation: You have a pair of small antennae on your head. [potion of mutation]
 20821 | D:13     | Lost mutation: Your system is resistant to poisons. (rPois) [potion of mutation]
 20821 | D:13     | Gained mutation: You are agile. (Dex +2) [potion of mutation]
 20821 | D:13     | Gained mutation: One of your tentacles bears a spike. [potion of mutation]
 20822 | D:13     | Lost mutation: One of your tentacles bears a spike. [potion of mutation]
 20822 | D:13     | Lost mutation: You have an increased reservoir of magic. (+10% MP) [potion of mutation]
 20822 | D:13     | Lost mutation: You are agile. (Dex +2) [potion of mutation]
 20822 | D:13     | Gained mutation: You are weak. (Str -2) [potion of mutation]
 20822 | D:13     | Gained mutation: You expend magic power (3 MP) to strengthen your wands. [potion of mutation]
 20822 | D:13     | Gained mutation: Your system is resistant to poisons. (rPois) [potion of mutation]
 21398 | Lair:1   | Entered Level 1 of the Lair of Beasts
 21512 | Lair:1   | Noticed Grum
 21515 | Lair:1   | Killed Grum
 21718 | Lair:1   | Offered knowledge of Throw Icicle by Vehumet.
 21774 | Lair:1   | Lost mutation: You are weak. (Str -2) [potion of mutation]
 21774 | Lair:1   | Lost mutation: You expend magic power (3 MP) to strengthen your wands. [potion of mutation]
 21774 | Lair:1   | Gained mutation: Your spells are a little harder to cast, but a little more powerful. [potion of mutation]
 21774 | Lair:1   | Gained mutation: You are partially covered in molten scales. (AC +2) [potion of mutation]
 22421 | Lair:2   | Reached skill level 19 in Spellcasting
 23142 | Lair:3   | Reached XP level 14. HP: 79/83 MP: 26/37
 23392 | Lair:3   | Found a hole to the Spider Nest.
 23432 | Lair:3   | Found a staircase to the Swamp.
 23817 | Lair:4   | Found a dark tunnel.
 23825 | Volcano  | Entered a volcano
 24661 | Lair:4   | Learned a level 4 spell: Throw Icicle
 24829 | Lair:4   | Noticed Nessos
 25340 | Lair:4   | Killed Nessos
 25460 | Lair:5   | Learned a level 1 spell: Summon Butterflies
 25807 | Lair:5   | Noticed Urug
 25816 | Lair:5   | Killed Urug
 26281 | Lair:5   | Offered knowledge of Bolt of Draining by Vehumet.
 26288 | Lair:5   | Learned a level 5 spell: Bolt of Draining
 26297 | Lair:5   | Reached skill level 20 in Spellcasting
 26308 | Lair:5   | Reached skill level 5 in Conjurations
 26844 | Lair:6   | Entered Level 6 of the Lair of Beasts
 26964 | Lair:6   | Found a staircase to the Slime Pits.
 26979 | Lair:6   | Reached skill level 5 in Summonings
 27396 | Lair:6   | Upgraded the game from 0.22-a0-367-gb72a975 to 0.22-a0-368-g870eee8
 27439 | Lair:6   | Reached XP level 15. HP: 84/89 MP: 8/39
 28265 | Lair:6   | Identified the Catalogue of the Inquisitive Seas
 28270 | Lair:6   | Learned a level 2 spell: Shroud of Golubria
 28543 | Lair:6   | Reached skill level 21 in Spellcasting
 29235 | D:5      | Killed Kikal's ghost
 29396 | Orc:2    | Entered Level 2 of the Orcish Mines
 29396 | Orc:2    | Found a staircase to the Elven Halls.
 29888 | Orc:2    | Found Ciamn's Book Emporium.
 30130 | Orc:2    | Offered knowledge of Bolt of Cold by Vehumet.
 30169 | Orc:2    | Found Viquamu's Magic Scroll Emporium.
 30224 | Orc:2    | Found Haudghog's Book Shop.
 30231 | Orc:2    | Found Guilacyoq's Book Shop.
 30574 | Orc:2    | Bought a book of Frost for 420 gold pieces
 30578 | Orc:2    | Learned a level 3 spell: Ozocubu's Armour
 31071 | D:8      | Bought a book of Air for 420 gold pieces
 31182 | Swamp:1  | Entered Level 1 of the Swamp
 31797 | Swamp:1  | Learned a level 1 spell: Animate Skeleton
 32411 | Swamp:2  | Reached skill level 22 in Spellcasting
 32462 | Swamp:1  | You fall through a shaft!
 32752 | Swamp:2  | Offered knowledge of Conjure Ball Lightning by Vehumet.
 32888 | Swamp:2  | Reached XP level 16. HP: 38/94 MP: 26/42
 33120 | Swamp:2  | Learned a level 4 spell: Airstrike
 33196 | Swamp:2  | Found an ancient bone altar of Kikubaaqudgha.
 33414 | Swamp:2  | Noticed a thorn hunter
 33417 | Swamp:2  | Killed a thorn hunter
 33648 | Swamp:2  | Got a crude scimitar
 33649 | Swamp:2  | Identified the +3 scimitar "Tionweewk" {elec, *Rage rElec Int+7} (You found it on level 2 of the Swamp)
 35003 | Swamp:4  | Entered Level 4 of the Swamp
 35568 | Swamp:4  | Reached skill level 23 in Spellcasting
 35591 | Swamp:4  | Noticed Aizul
 35604 | Swamp:4  | Killed Aizul
 36551 | Swamp:4  | Noticed a thorn hunter
 36577 | Swamp:4  | Reached ****** piety under Vehumet
 36580 | Swamp:4  | HP: 2/94 [thorn hunter/volley of thorns (33)]
 36581 | Swamp:4  | Killed from afar by a thorn hunter

Vault maps used:
D:1:      sevenhm_arrival_forest_fort_small_6
D:2:      lemuel_doored_altar, old_standard_altar, due_unseen_surprise
D:3:      first_ration, minmay_misc_feat_ornament
D:4:      bloody_trog, kennysheep_little_box, old_standard_altar, moated_statue,
          led_sif_pool, uniq_sigmund
D:5:      nicolae_overflow_crystal_walls, minmay_temple_entry_junction
D:6:      basic_altar, gup_sewer_entry_pipe
D:7:      minmay_the_grid_octo_2x2, vehumet_statue
D:8:      makhleb_grotto_becter, slow_altar_1, due_lair_maze_entry_diamond,
          serial_shops, shop
D:9:      marbit_many_paths, david_orc_4, special_room
D:10:     cheibrodos_frozen_isle, enter_bailey_3, uniq_psyche, uniq_erolcha
D:11:     serial_shops, shop, blue_anna_alchemist, glass_columns_c, minivault_16
D:12:     minmay_variable_closet
D:13:     kennysheep_six_static_rooms, grunt_vaults_entry_fortified
D:14:     minmay_connected_boxes_in_corner, st_stairs_6
Temple:   nicolae_temple_x_marks_the_god
Lair:1:   serial_bayou_shore_a, uniq_grum
Lair:2:   lemuel_fruit_fields, grunt_megastairs_3
Lair:3:   minmay_swamp_entry_worms, nicolae_spider_entry_orb_guardian,
          minivault_24, nicolae_quartered_pool_super
Lair:4:   lightli_volcano_entry_magma_tube, st_stairs_7, uniq_nessos
Lair:5:   beast_lair_carwin_3, grunt_megastairs_2, lemuel_fruit_tree, uniq_urug
Lair:6:   minmay_lair_end_frog_pond, slime_dummy
Swamp:1:  hangedman_swamp_ruin_hall
Swamp:2:  nicolae_swamp_trees_clearing, nicolae_swamp_godswood
Swamp:3:  evilmike_swamp_ruin_house_6, swamp_pool1
Swamp:4:  swamp_basic_johnstein, swamp_pool4, uniq_aizul
Orc:1:    special_room, basic_altar
Orc:2:    st_orc_elflike
Sewer:    sewer_minmay_treatment
Bailey:   bailey_polearm_4, bailey
Volcano:  volcano_village

Skill      XL: |  1  2  3  4  5  6  7  8  9 10 11 12 13 14 15 16 |
---------------+-------------------------------------------------+-----
Conjurations   | 2 3 5 |  5.0
Spellcasting   | 4 5 6 8 10 11 13 15 17 19 20 22 23 | 23.3
Summonings     | 2 4 5 |  5.0
Shields        | 2 4 |  4.1
Stealth        | 3 5 |  5.0
Dodging        | |  2.0
Translocations | |  1.0

Action                   |  1- 3 |  4- 6 |  7- 9 | 10-12 | 13-15 | 16-18 || total
-------------------------+-------+-------+-------+-------+-------+-------++-------
Melee: Unarmed           |    14 |       |       |       |       |       ||    14
       Constrict         |     7 |    17 |    19 |     7 |     4 |     1 ||    55
       Short sword       |    13 |    57 |       |       |       |       ||    70
       Tentacles         |     5 |     8 |     6 |     5 |     4 |     2 ||    30
       Dagger            |       |     2 |    46 |       |       |       ||    48
       Whip              |       |       |    28 |    42 |    20 |       ||    90
       Staff             |       |       |    11 |       |       |       ||    11
       Trident           |       |       |       |   105 |     7 |       ||   112
       Demon trident     |       |       |       |       |     6 |       ||     6
 Cast: Magic Dart        |    60 |   158 |   273 |   473 |   264 |    55 ||  1283
       Call Imp          |     3 |     3 |    17 |     1 |       |       ||    24
       Blink             |       |     6 |     3 |     5 |    16 |    10 ||    40
       Mephitic Cloud    |       |     6 |    34 |    58 |     9 |     2 ||   109
       Conjure Flame     |       |     3 |    15 |    35 |    12 |     1 ||    66
       Summon Guardian G |       |       |     7 |     1 |       |       ||     8
       Summon Lightning  |       |       |     8 |    10 |    10 |       ||    28
       Iskenderun's Batt |       |       |       |    81 |   127 |    38 ||   246
       Bolt of Magma     |       |       |       |    83 |   116 |    52 ||   251
       Ignite Poison     |       |       |       |    20 |    47 |     5 ||    72
       Olgreb's Toxic Ra |       |       |       |    17 |    46 |     3 ||    66
       Summon Ice Beast  |       |       |       |     2 |     2 |       ||     4
       Throw Icicle      |       |       |       |       |    51 |       ||    51
       Bolt of Draining  |       |       |       |       |   132 |    83 ||   215
       Summon Butterflie |       |       |       |       |    11 |     3 ||    14
       Shroud of Golubri |       |       |       |       |    20 |    14 ||    34
       Ozocubu's Armour  |       |       |       |       |     7 |     7 ||    14
       Animate Skeleton  |       |       |       |       |     1 |    15 ||    16
       Airstrike         |       |       |       |       |       |     3 ||     3
 Abil: Evoke Flight      |       |       |       |       |     2 |       ||     2
Evoke: Wand              |       |     2 |     8 |     4 |    14 |       ||    28
  Use: Scroll            |       |     6 |     6 |     5 |    15 |     3 ||    35
       Potion            |       |     4 |     3 |     4 |    19 |     4 ||    34
 Stab: Distracted        |     1 |       |       |       |       |       ||     1
       Sleeping          |       |       |     1 |       |       |       ||     1
       Confused          |       |       |     1 |     4 |       |       ||     5
  Eat: Chunk             |    10 |     8 |    23 |    47 |    78 |    15 ||   181
Armor: Skin              |     2 |    16 |     9 |     5 |    22 |     1 ||    55
Dodge: Dodged            |    17 |    79 |    70 |    56 |   131 |    23 ||   376
Block: Buckler           |       |       |     1 |     4 |    48 |     6 ||    59
       Rpst.: Scimitar   |       |       |       |       |       |     5 ||     5

Table legend:
 A = Spawn XP
 B = Non-spawn XP
 C = Spawn XP percentage of total XP
 D = Spawn monster count
 E = Non-spawn monster count
 F = Spawn count percentage of total count
 G = Total turns spent on level
                    A         B        C        D         E        F      G
               +---------+---------+-------+---------+---------+-------+---------
         Total |       0 |  169209 |   0.0 |       0 |     906 |   0.0 | 36581
               +---------+---------+-------+---------+---------+-------+---------
           D:1 |       0 |      42 |   0.0 |       0 |      24 |   0.0 |  1185
           D:2 |       0 |     100 |   0.0 |       0 |      26 |   0.0 |   860
           D:3 |       0 |     121 |   0.0 |       0 |      27 |   0.0 |  1698
           D:4 |       0 |     404 |   0.0 |       0 |      12 |   0.0 |  1007
           D:5 |       0 |     526 |   0.0 |       0 |       7 |   0.0 |  2109
           D:6 |       0 |     752 |   0.0 |       0 |      29 |   0.0 |  1018
           D:7 |       0 |    2304 |   0.0 |       0 |      34 |   0.0 |  2474
           D:8 |       0 |    2917 |   0.0 |       0 |      36 |   0.0 |  1761
           D:9 |       0 |    2479 |   0.0 |       0 |      64 |   0.0 |  1169
          D:10 |       0 |    6527 |   0.0 |       0 |      47 |   0.0 |  2566
          D:11 |       0 |    5306 |   0.0 |       0 |      37 |   0.0 |  1306
          D:12 |       0 |    6163 |   0.0 |       0 |      33 |   0.0 |   697
          D:13 |       0 |   13341 |   0.0 |       0 |      34 |   0.0 |  1968
          D:14 |       0 |    1324 |   0.0 |       0 |       2 |   0.0 |    33
        Lair:1 |       0 |    4144 |   0.0 |       0 |      20 |   0.0 |   900
        Lair:2 |       0 |    3103 |   0.0 |       0 |      10 |   0.0 |   912
        Lair:3 |       0 |    6029 |   0.0 |       0 |      26 |   0.0 |   814
        Lair:4 |       0 |    4670 |   0.0 |       0 |      11 |   0.0 |   995
        Lair:5 |       0 |    7015 |   0.0 |       0 |      25 |   0.0 |  1288
        Lair:6 |       0 |   21959 |   0.0 |       0 |      74 |   0.0 |  1978
       Swamp:1 |       0 |   11358 |   0.0 |       0 |      34 |   0.0 |  1324
       Swamp:2 |       0 |   15228 |   0.0 |       0 |      35 |   0.0 |  1360
       Swamp:3 |       0 |   11339 |   0.0 |       0 |      32 |   0.0 |  1710
       Swamp:4 |       0 |   20590 |   0.0 |       0 |      57 |   0.0 |  1005
         Orc:1 |       0 |    5991 |   0.0 |       0 |      35 |   0.0 |   596
         Orc:2 |       0 |   10384 |   0.0 |       0 |      61 |   0.0 |  1256
         Sewer |       0 |     230 |   0.0 |       0 |      48 |   0.0 |  1162
        Bailey |       0 |    2486 |   0.0 |       0 |      18 |   0.0 |   580
       Volcano |       0 |    2377 |   0.0 |       0 |       8 |   0.0 |   694
               +---------+---------+-------+---------+---------+-------+---------
